 Dungeon Crawl Stone Soup version 0.24-a0-250-g6074511 (webtiles) character file.

Game seed: 8223990869490617541

107 Hasart the Cutter (level 5, 0/32 HPs)
             Began as a Kobold Gladiator on Apr 15, 2019.
             Slain by a worker ant (1 damage)
             ... on level 3 of the Dungeon.
             The game lasted 00:04:59 (2184 turns).

Hasart the Cutter (Kobold Gladiator)                Turns: 2184, Time: 00:04:59

Health: 0/32       AC:  4    Str: 12    XL:     5   Next: 10%
Magic:  5/5        EV: 16    Int:  9    God:
Gold:   42         SH:  0    Dex: 17    Spells: 4/4 levels left

rFire    . . .     SeeInvis .   a - +0 rapier
rCold    . . .     Gourm    .   (shield restricted)
rNeg     . . .     Faith    .   b - +0 leather armour
rPois    .         Spirit   .   c - +0 helmet
rElec    .         Reflect  .   (no cloak)
rCorr    .         Harm     .   (no gloves)
MR       .....                  (no boots)
Stlth    ++........             (no amulet)
HPRegen  0.10/turn              (no ring)
MPRegen  0.09/turn              (no ring)

@: lethally poisoned (0 -> -6)
A: small, carnivore
a: no special abilities


You were on level 3 of the Dungeon.
You were very full.

You visited 1 branch of the dungeon, and saw 4 of its levels.

You collected 42 gold pieces.

Inventory:

Hand Weapons
 a - a +0 rapier (weapon)
Missiles
 d - 3 throwing nets (quivered)
Armour
 b - a +0 leather armour (worn)
 c - a +0 helmet (worn)
Scrolls
 g - a scroll of enchant weapon {unknown}
 i - a scroll of fear {unknown}
 k - a scroll of remove curse {unknown}
 l - a scroll of noise {unknown}
Potions
 e - a potion of heal wounds {unknown}
 h - a potion of agility {unknown}
 j - a potion of curing {unknown}
 m - a potion of magic {unknown}
Comestibles
 f - 5 rations


   Skills:
 + Level 2.8 Fighting
 * Level 5.3 Short Blades
 - Level 2.1 Throwing
 + Level 1.2 Armour
 + Level 4.1 Dodging
 + Level 2.4 Stealth


You had 4 spell levels left.
You didn't know any spells.
Your spell library was empty.

Dungeon Overview and Level Annotations

Branches:
Dungeon (4/15)
 Temple: D:4-7

Altars:
Vehumet


Innate Abilities, Weirdness & Mutations

You are small and have problems with some larger weapons.
You are carnivorous and can eat meat at any time.


Message History

You are lethally poisoned!
The worker ant poisons you!
You hit the worker ant.
The worker ant is heavily wounded.
* * * LOW HITPOINT WARNING * * *
You feel sick. The worker ant misses you.
You hit the worker ant.
The worker ant is almost dead.
* * * LOW HITPOINT WARNING * * *
You feel sick. The worker ant bites you.
* * * LOW HITPOINT WARNING * * *
You barely miss the worker ant.
The worker ant is almost dead.
* * * LOW HITPOINT WARNING * * *
You feel sick. The worker ant bites you.
* * * LOW HITPOINT WARNING * * *
You hit the worker ant but do no damage.
The worker ant is almost dead.
The worker ant bites you.
You die...

### .# ..#
.# # ##.##.#
#.##...#.#
#.#......#
#.<......#
#.a...#
#..@.#
#.#..# #
##.# #.# #.#
#.# #)# #.#
..
#)####....(#


You could see a worker ant.

Vanquished Creatures
  4 adders (D:2)
  An ooze (D:2)
  2 dart slugs
  2 leopard geckos (D:2)
  6 bats
  A giant cockroach (D:1)
  8 goblins
  8 hobgoblins
  8 jackals
  4 kobolds
  2 ball pythons
  9 frilled lizards
  5 rats
60 creatures vanquished.

Vanquished Creatures (others)
  A giant cockroach (D:2)
  A hobgoblin (D:1)
  A frilled lizard (D:2)
3 creatures vanquished.

Grand Total: 63 creatures vanquished

Notes
Turn   | Place    | Note
-------+----------+-------------------------------------------
     0 | D:1      | Hasart the Kobold Gladiator began the quest for the Orb.
     0 | D:1      | Reached XP level 1. HP: 12/12 MP: 1/1
   187 | D:1      | Reached XP level 2. HP: 11/18 MP: 2/2
   362 | D:1      | Reached skill level 1 in Stealth
   499 | D:1      | Reached XP level 3. HP: 21/22 MP: 3/3
   861 | D:2      | You fall through a shaft for 2 floors!
  1124 | D:2      | Reached XP level 4. HP: 27/27 MP: 4/4
  1221 | D:2      | Reached skill level 5 in Short Blades
  1221 | D:2      | Reached skill level 1 in Armour
  1307 | D:2      | Found a radiant altar of Vehumet.
  2024 | D:3      | Reached XP level 5. HP: 16/32 MP: 5/5
  2183 | D:3      | HP: 1/32 [worker ant (2)]
  2184 | D:3      | Slain by a worker ant

Levels and vault maps discovered:
D:1:      shiori_arrival_oz, layout_rooms
D:2:      layout_loops_ring, fiery_altar_vehumet, first_ration
D:3:      layout_loops_ring, uniq_robin
D:4:      layout_cave_pods, minmay_temple_entry_antechambers, minivault_27,
          serial_park_tiny_1, minmay_misc_feat_pillars, uniq_sigmund, uniq_ijyb

Skill      XL: |  1  2  3  4 |
---------------+-------------+-----
Stealth        | 1 2 |  2.4
Dodging        | 4 |  4.1
Short Blades   | 5 |  5.3
Armour         | 1 |  1.2
Fighting       | |  2.8
Throwing       | |  2.1

Action                   |  1- 3 |  4- 6 || total
-------------------------+-------+-------++-------
Melee: Rapier            |   101 |    87 ||   188
 Stab: Sleeping          |     4 |     3 ||     7
  Eat: Chunk             |     8 |     3 ||    11
Armor: Leather armour    |     8 |    12 ||    20
Dodge: Dodged            |    82 |    63 ||   145

Table legend:
 A = Non-vault XP
 B = Vault XP
 C = Vault XP percentage of total XP
 D = Non-vault monster count
 E = Vault monster count
 F = Vault count percentage of total count
                 A         B        C        D         E       F
            +---------+---------+-------+---------+---------+-------
      Total |     138 |      15 |   9.8 |      51 |       9 |  15.0
            +---------+---------+-------+---------+---------+-------
        D:1 |      36 |       4 |  10.0 |      23 |       2 |   8.0
        D:2 |      91 |       0 |   0.0 |      22 |       0 |   0.0
        D:3 |       7 |      11 |  61.1 |       4 |       7 |  63.6
        D:4 |       4 |       0 |   0.0 |       2 |       0 |   0.0
            +---------+---------+-------+---------+---------+-------
